 Dungeon Crawl Stone Soup version 0.29.1-13-g9f3cf754e1 (webtiles) character file.

Game seed: 8607679469692495220

10 Exodus22XD the Covered (level 2, 27/27 HPs)
             Began as a Minotaur Fighter on Feb 3, 2023.
             Was a Follower of Fedhas.
             Quit the game on level 1 of the Dungeon.
             The game lasted 00:00:19 (421 turns).

Exodus22XD the Covered (Minotaur Fighter)            Turns: 421, Time: 00:00:19

Health: 27/27      AC:  7    Str: 20    XL:     2   Next: 10%
Magic:  1/1        EV:  9    Int:  5    God:    Fedhas [*.....]
Gold:   20         SH:  4    Dex:  9    Spells: 1/1 levels left

rFire   . . .      SeeInvis .   a - +0 war axe
rCold   . . .      Faith    .   c - +0 buckler
rNeg    . . .      Spirit   .   b - +0 scale mail
rPois   .          Reflect  .   (helmet restricted)
rElec   .          Harm     .   (no cloak)
rCorr   .          Rampage  .   (no gloves)
Will    .....                   (no boots)
Stlth   ..........              (no amulet)
HPRegen 0.09/turn               (no ring)
MPRegen 0.07/turn               (no ring)

@: no status effects
A: horns 2, retaliatory headbutt
a: Renounce Religion


You were on level 1 of the Dungeon.
You worshipped Fedhas.
Fedhas was aware of your devotion.
You visited 1 branch of the dungeon, and saw 1 of its levels.

You collected 20 gold pieces.

Inventory:

Hand Weapons
 a - a +0 war axe (weapon)
Armour
 b - a +0 scale mail (worn)
 c - a +0 buckler (worn)
Jewellery
 f - a ring of protection from fire
Scrolls
 e - 2 scrolls of identify {unknown}
Potions
 d - a potion of might
 g - a potion of curing {unknown}


   Skills:
 + Level 3.8 Fighting
 + Level 2.6 Axes
 + Level 3.9 Armour
 + Level 3.8 Shields


You had one spell level left.
You didn't know any spells.
Your spell library was empty.

Dungeon Overview and Level Annotations

Branches:
Dungeon (1/15)

Altars:
Fedhas


Innate Abilities, Weirdness & Mutations

You have a pair of horns on your head.
You reflexively headbutt those who attack you in melee.


Message History

You see here a glowing amethyst potion.
There are monsters nearby!
You hit the endoplasm.
The endoplasm is almost dead.
You completely miss the ball python. You block the ball python's attack.
The ball python grabs you. The ball python constricts you.
The endoplasm freezes you.
You are frozen.
The ball python completely misses you. The ball python constricts you.
You completely miss the ball python. You headbutt the ball python.
You kill the ball python!
You hit the endoplasm.
You kill the endoplasm!
The hobgoblin hits you but does no damage.
You have reached level 2!
You hit the hobgoblin.
You kill the hobgoblin!
Unknown command.
No reachable target in view!
Unknown command.
No reachable target in view!
g - a glowing amethyst potion You start resting.
HP restored.
A ball python comes into view.
The ball python hisses angrily.
You see here a ball python corpse.
You block the ball python's attack. The ball python barely misses you.
You slash the ball python!
You kill the ball python!
The floating eye turns its gaze towards you.
The shining eye turns its gaze towards you.
You see here a ball python corpse.
The eye of devastation pulsates ominously.
There is a faded altar of an unknown god here.
You cannot tell which god this altar belongs to.
Convert to them anyway?
Fedhas accepts your prayer! Fedhas welcomes you!
The plants of the dungeon cease their hostilities.
Are you sure you want to abandon this character and quit the game? (Confirm with "yes".)

##...##≈ #. .## ##.####
#.#. ####... ##.## #...
...... #####...###
#..###...### #..........
.
#..#G#...#G#.#.###...##.
.#. #..###...###.#
##.###.
...######............#
#.###.
.........#.†...@.....#
#.....
.......##............#
#####.
.#..#......###...###...
#. .......†##.#G#...#G#
. #######.
......#....###...###.#
........
......†..#...........#
#######.
.........##.#...######
#). ......#..##.##.##
#.# .........##.##.# #.#


You could see a shining eye, 2 eyes of devastation and a floating eye.

Vanquished Creatures
  A dart slug (D:1)
  2 ball pythons (D:1)
  2 endoplasms (D:1)
  A giant cockroach (D:1)
  A hobgoblin (D:1)
7 creatures vanquished.

Notes
Turn   | Place    | Note
-------+----------+-------------------------------------------
     0 | D:1      | Exodus22XD the Minotaur Fighter began the quest for the
                  | Orb.
     0 | D:1      | Reached XP level 1. HP: 19/19 MP: 0/0
   360 | D:1      | Found a faded altar of an unknown god.
   361 | D:1      | Noticed a shining eye
   362 | D:1      | Noticed a floating eye
   363 | D:1      | Noticed an eye of devastation
   363 | D:1      | Noticed an eye of devastation
   376 | D:1      | Reached XP level 2. HP: 24/27 MP: 1/1
   420 | D:1      | Prayed at the altar of an unknown god.
   420 | D:1      | Became a worshipper of Fedhas Madash
   420 | D:1      | Reached * piety under Fedhas
   421 | D:1      | Quit the game

Illustrated notes

Levels and vault maps discovered:
D:1:      dpeg_arrival_ternary, layout_loops_ring,
          hellmonk_ecumenical_altar_watching_god, minmay_misc_feat_plants,
          chequers_serial_rivers_small_3

Action                   || total
-------------------------++-------
Melee: War axe           ||    13
       Headbutt          ||     3
Armor: Scale mail        ||     7
Dodge: Dodged            ||     4
Block: Buckler           ||     3
